 Dungeon Crawl Stone Soup version 0.28-a0-1624-g820543e53a (webtiles) character file.

Game seed: 3236659069476136311

203 soggyman666 the Magician (level 6, -5/40 HPs)
             Began as a Djinni Hedge Wizard on Jan 23, 2022.
             Was an Initiate of Hepliaklqana.
             Slain by a sky beast (6 damage)
             ... on level 4 of the Dungeon.
             The game lasted 00:15:42 (5747 turns).

soggyman666 the Magician (Djinni Hedge Wizard)      Turns: 5747, Time: 00:15:43

Health: -5/40      AC:  2    Str:  9    XL:     6   Next: 8%
Gold:   122        EV: 20    Int: 17    God:    Hepliaklqana [......] SH:  3 Dex: 13

rFire   + + .      SeeInvis .   a - +2 short sword (venom)
rCold   x . .      Faith    .   j - +0 buckler
rNeg    . . .      Spirit   .   b - +0 robe
rPois   ∞          Reflect  .   c - +0 hat
rElec   .          Harm     .   (no cloak)
rCorr   .          Rampage  .   (no gloves)
Will    .....                   (boots unavailable)
Stlth   ++........              (no amulet)
HPRegen 0.13/turn               e - +4 ring of evasion
MPRegen 0.00/turn               u - +4 ring of evasion

@: flying
A: sickness immunity, fire resistance 2, cold vulnerability 1, float, innate
caster, hp casting, extra vitality 1
a: Renounce Religion


You were on level 4 of the Dungeon.
You worshipped Hepliaklqana.
Hepliaklqana was noncommittal.
You visited 2 branches of the dungeon, and saw 6 of its levels.

You collected 191 gold pieces.
You spent 69 gold pieces at shops.

Inventory:

Hand Weapons
 a - a +2 short sword of venom (weapon)
 t - a +2 dagger of flaming
Armour
 b - a +0 robe (worn)
 c - a +0 hat (worn)
 j - a +0 buckler (worn)
Jewellery
 e - a +4 ring of evasion (left hand)
 u - a +4 ring of evasion (right hand)
Scrolls
 i - a scroll of blinking
 k - 2 scrolls of immolation {unknown}
 m - a scroll of fear {unknown}
 n - a scroll of summoning {unknown}
 r - a scroll of amnesia {unknown}
 s - 2 scrolls of magic mapping {unknown}
Potions
 d - 3 potions of brilliance {unknown}
 f - 2 potions of ambrosia
 g - 2 potions of haste {unknown}
 h - a potion of magic {unknown}
 l - 2 potions of cancellation {unknown}
 o - 2 potions of lignification {unknown}
 p - a potion of mutation {unknown}
 q - 2 potions of curing


   Skills:
 + Level 2.7 Dodging
 - Level 2.3 Stealth
 + Level 0.1 Shields
 + Level 4.4 Spellcasting


You couldn't memorise any spells.
You knew the following spells:

 Your Spells              Type           Power      Damage    Failure   Level
a - Magic Dart            Conj           72%        1d6       3%          1
b - Blink                 Tloc           36%        N/A       4%          2
c - Call Imp              Summ           18%        N/A       4%          2
d - Slow                  Hex            72%        N/A       3%          1
e - Conjure Flame         Conj/Fire      18%        6-21      10%         3
f - Mephitic Cloud        Conj/Pois/Air  18%        N/A       10%         3
g - Animate Skeleton      Necr           36%        N/A       3%          1
h - Corpse Rot            Necr/Air       36%        N/A       4%          2
Your spell library was empty.

Dungeon Overview and Level Annotations

Branches:
Dungeon (5/15)             Temple (1/1) D:4

Altars:
Ashenzari
Cheibriados
Elyvilon
Fedhas
Gozag
Hepliaklqana
Kikubaaqudgha
Makhleb
Nemelex Xobeh
Okawaru
Qazlal
Ru
Sif Muna
Trog
Uskayaw
Vehumet
Wu Jian
Xom
Yredelemnul
Zin
The Shining One

Shops:
D:2 *   D:4 !


Innate Abilities, Weirdness & Mutations

You are immune to sickness and miasma.
You are immune to poison.
Your flesh is very heat resistant. (rF++)
You are vulnerable to cold. (rC-)
You float through the air rather than walking.
You learn spells naturally, not from books.
Your magical power is your life essence.
You have superior vitality. (+4 MHP)


Message History

Aiming: Magic Dart (safe; 3% risk of failure)
Press: ? - help, Shift-Dir - straight line The magic dart hits something.
Casting: Magic Dart (safe; 3% risk of failure)
Confirm with . or Enter, or press ? or * to list all spells.
Aiming: Magic Dart (safe; 3% risk of failure)
Press: ? - help, Shift-Dir - straight line The magic dart hits something.
Casting: Magic Dart (safe; 3% risk of failure)
Confirm with . or Enter, or press ? or * to list all spells.
You don't know that spell.
Okay, then.
Casting: Magic Dart (safe; 3% risk of failure)
Confirm with . or Enter, or press ? or * to list all spells.
You don't know that spell.
Casting: Magic Dart (safe; 3% risk of failure)
Confirm with . or Enter, or press ? or * to list all spells.
You can't see any susceptible monsters within range! (Use Z to cast anyway.) Unknown command.
Casting: Magic Dart (safe; 3% risk of failure)
Confirm with . or Enter, or press ? or * to list all spells.
Aiming: Magic Dart (safe; 3% risk of failure)
Press: ? - help, Shift-Dir - straight line The magic dart hits something.
Something hits you.
* * * LOW HITPOINT WARNING * * *
Something shocks you.
* * * LOW HITPOINT WARNING * * *
A sky beast appears from thin air!
Reactivating autopickup.
Casting: Magic Dart (safe; 3% risk of failure)
Confirm with . or Enter, or press ? or * to list all spells.
Okay, then.
Casting: Magic Dart (safe; 3% risk of failure)
Confirm with . or Enter, or press ? or * to list all spells.
A beastly little devil appears in a puff of flame.
* * * LOW HITPOINT WARNING * * *
The sky beast hits you.
* * * LOW HITPOINT WARNING * * *
The sky beast shocks you.
You die...

#.#
####.#
#.# #.###
#.#
##...##
#.#
##...#.#
#.#
##.##.##.
#.#
#.###.###
#.# #.#
#5# # #Y#
#.###.###
#@#
##.##.##.
#.#
##.#.#.#
#5#
#....##
#.#
#.#..##
#.#
#.##.##
#.#
#.#....
#.#
#......
#.#
#.#..⌠.
#.#
#.#...)


You could see a sky beast (ally target) and a friendly crimson imp (summoned).

Vanquished Creatures
  An ogre (D:4)
  Robin (D:4)
  An adder (D:2)
  A worm (D:2)
  An adder skeleton (D:4)
  A dart slug (D:4)
  2 orcs
  2 ball pythons
  6 endoplasms
  2 giant cockroaches (D:2)
  11 goblins
  9 hobgoblins
  A jackal (D:3)
  6 quokkas
  7 bats
  3 frilled lizards (D:2)
  7 kobolds
  6 rats
68 creatures vanquished.

Vanquished Creatures (collateral kills)
  An adder (D:2)
  2 giant cockroaches (D:3)
  A goblin (D:3)
  A ball python (D:3)
5 creatures vanquished.

Grand Total: 73 creatures vanquished

Notes
Turn   | Place    | Note
-------+----------+-------------------------------------------
     0 | D:1      | soggyman666 the Djinni Hedge Wizard began the quest for the
                  | Orb.
     0 | D:1      | Reached XP level 1. HP: 15/15 MP: 0/0
   425 | D:1      | Found a faded altar of an unknown god.
   427 | D:1      | Reached XP level 2. HP: 20/21 MP: 0/0
   962 | D:2      | Reached skill level 3 in Spellcasting
   962 | D:2      | Reached XP level 3. HP: 3/25 MP: 0/0
   962 | D:2      | Learned a level 1 spell: Animate Skeleton
  1927 | D:2      | Reached XP level 4. HP: 25/31 MP: 0/0
  2023 | D:2      | Found Guphahed's General Store.
  2027 | D:2      | Bought a potion of curing for 39 gold pieces
  2655 | D:3      | Identified the +1 robe of Plasticity {Drain rElec rPois
                  | rC+}
  3772 | D:4      | Found a staircase to the Ecumenical Temple.
  3815 | Temple   | Entered the Ecumenical Temple
  3960 | Temple   | Became a worshipper of Hepliaklqana the Forgotten
  4046 | D:4      | Noticed an ogre
  4057 | D:4      | Killed an ogre
  4058 | D:4      | Reached skill level 4 in Spellcasting
  4058 | D:4      | Reached XP level 5. HP: 25/35 MP: 0/0
  4058 | D:4      | Learned a level 2 spell: Corpse Rot
  4427 | D:4      | Reached XP level 6. HP: 28/40 MP: 0/0
  4443 | D:4      | Noticed Robin
  4461 | D:4      | Killed Robin
  4989 | D:4      | Found Roch's Distillery.
  4995 | D:4      | Bought a potion of curing for 30 gold pieces
  5216 | D:5      | Entered Level 5 of the Dungeon
  5220 | D:5      | Noticed a sky beast
  5747 | D:4      | HP: 1/40 [sky beast (2)]
  5747 | D:4      | Slain by a sky beast

Illustrated notes

Levels and vault maps discovered:
D:1:      nzn_arrival_water_spiral, layout_basic,
          hellmonk_ecumenical_altar_crossroads, chequers_serial_rivers_small_b
D:2:      layout_loops_ring, serial_shops, nicolae_shop_crystal,
          minmay_circled_x
D:3:      minmay_bubble_buster, layout_loops_ring
D:4:      layout_loops_ring, minmay_temple_entry_large_hall, serial_shops, shop,
          minmay_misc_feat_encased, minmay_bisected, uniq_robin
D:5:      layout_cave_pools
Temple:   grunt_wide_crystal_templ

Skill      XL: |  1  2  3  4 |
---------------+-------------+-----
Spellcasting   | 3 4 |  4.4
Stealth        | 2 |  2.3
Dodging        | |  2.7
Shields        | |  0.1

Action                   |  1- 3 |  4- 6 || total
-------------------------+-------+-------++-------
Melee: Short sword       |       |     4 ||     4
 Cast: Magic Dart        |    74 |   121 ||   195
       Call Imp          |     1 |     8 ||     9
       Slow              |     1 |     1 ||     2
       Blink             |     1 |     5 ||     6
       Mephitic Cloud    |       |     1 ||     1
  Use: Scroll            |     1 |     5 ||     6
 Stab: Confused          |       |     1 ||     1
Armor: Robe              |     1 |     4 ||     5
Dodge: Dodged            |     3 |    26 ||    29
Block: Buckler           |       |     5 ||     5

Table legend: (Time is in decaauts)
 A = Elapsed time spent in this place.
 B = Non-inter-level travel time spent in this place.
 C = Inter-level travel time spent in this place.
 D = Time resting spent in this place.
 E = Time spent auto-exploring this place.
 F = Levels seen in this place.
 G = Mean time per level.
                   A        B        C        D        E       F      G
               +--------+--------+--------+--------+--------+-----+--------+
         Total |   5745 |   5581 |    164 |    832 |   4013 |   6 |  957.5 |
       Dungeon |   5586 |   5463 |    123 |    832 |   3943 |   5 | 1117.2 |
        Temple |    158 |    117 |     41 |      0 |     70 |   1 |  158.0 |
               +--------+--------+--------+--------+--------+-----+--------+

Top non-repeatable levels by time:
     D:4: 1831 daAuts
     D:2: 1475 daAuts
     D:3: 1334 daAuts
     D:1: 927 daAuts
  Temple: 158 daAuts
     D:5: 17 daAuts
